 Dungeon Crawl Stone Soup version 0.27-a0-1090-gb115f176c6 (webtiles) character file.

Game seed: 17987029770105516982

49 tsouns the Skirmisher (level 3, -4/28 HPs)
             Began as a Demonspawn Wanderer on Apr 27, 2021.
             Was a Follower of Makhleb.
             Slain by Crazy Yiuf
             ... wielding a +3 quarterstaff of chaos
              (5 damage)
             ... while paralysed by Crazy Yiuf
             ... on level 2 of the Dungeon.
             The game lasted 00:02:44 (2053 turns).

tsouns the Skirmisher (Demonspawn Wanderer)         Turns: 2053, Time: 00:02:44

Health: -4/28      AC: 11    Str: 13    XL:     3   Next: 53%
Magic:  4/4        EV:  2    Int: 13    God:    Makhleb [*.....]
Gold:   72         SH:  0    Dex: 12    Spells: 2/2 levels left

rFire    . . .     SeeInvis .   a - +2 spear
rCold    . . .     Faith    .   (no shield)
rNeg     . . .     Spirit   .   b - +0 ring mail
rPois    .         Reflect  .   (helmet restricted)
rElec    .         Harm     .   (no cloak)
rCorr    .         Rampage  .   (no gloves)
Will     .....                  (no boots)
Stlth    +.........             (no amulet)
HPRegen  0.09/turn              (no ring)
MPRegen  0.09/turn              (no ring)

@: paralysed, weak-willed, sanguine armoured, hasted
A: antennae 1, sanguine armour 1
a: Renounce Religion


You were on level 2 of the Dungeon.
You worshipped Makhleb.
Makhleb was aware of your devotion.
You visited 1 branch of the dungeon, and saw 2 of its levels.

You collected 72 gold pieces.

Inventory:

Hand Weapons
 a - a +2 spear (weapon)
Armour
 b - a +0 ring mail (worn)
Scrolls
 e - a scroll of silence
Potions
 c - 3 potions of curing {unknown}
 g - 2 potions of heal wounds
 j - a potion of brilliance {unknown}
 k - a potion of lignification {unknown}


   Skills:
 + Level 2.9 Fighting
 + Level 1.6 Polearms
 - Level 1.0 Throwing
 - Level 2.6 Armour
 - Level 1.0 Stealth
 - Level 2.6 Transmutations
 + Level 1.8 Invocations


You had 2 spell levels left.
You didn't know any spells.
Your spell library contained the following spells:

 Spells                   Type           Power      Damage    Failure   Level
 Wereblood                Tmut           6%         N/A       32%         2
 Passwall                 Tmut/Erth      2%         N/A       50%         2


Dungeon Overview and Level Annotations

Branches:
Dungeon (2/15)

Altars:
Gozag
Makhleb

Shops:
D:1 [

Annotations:
D:2 Crazy Yiuf


Innate Abilities, Weirdness & Mutations

You have a pair of small antennae on your head.
When seriously injured, your bleeding wounds create armour. (AC +6)


Message History

Crazy Yiuf shouts!
Found a mace.
You see here a +0 mace.
You see here a +0 mace.
Found two maces.
As you read the scroll labelled LAUSHR AL VAM, it crumbles to dust.
The scroll dissolves into smoke.
It was a scroll of fog.
As you read the scroll labelled NUTEKU VAYC, it crumbles to dust.
A profound silence engulfs you.
It was a scroll of silence.
Okay, then.
You start waiting.
Your hearing returns.
As you read the scroll labelled YCWOMI IHEOTA, it crumbles to dust.
It is a scroll of identify.
g - 2 potions of heal wounds
As you read the scroll of identify, it crumbles to dust.
h - 2 potions of degeneration Drop what? 9/52 slots (_ for help) (? for menu, Esc to quit)
You drop 2 potions of degeneration.
As you read the scroll labelled GOSYNE KOQUUQO, it crumbles to dust.
Magic quickly surges around you.
It was a scroll of vulnerability.
Crazy Yiuf screams, "Tosser stair tea!"
You open the door. You hit Crazy Yiuf but do no damage.
Crazy Yiuf hits you with a +3 quarterstaff of chaos!
Your blood congeals into armour.
You closely miss Crazy Yiuf.
Crazy Yiuf says, "Crazy?
Crazy!?
PORCUPINE!"
Crazy Yiuf hits you with a +3 quarterstaff of chaos.
You feel yourself speed up.
You hit Crazy Yiuf but do no damage. You hit Crazy Yiuf.
Crazy Yiuf is moderately wounded.
Crazy Yiuf hits you with a +3 quarterstaff of chaos!
* * * LOW HITPOINT WARNING * * *
You suddenly lose the ability to move!
Crazy Yiuf hits you with a +3 quarterstaff of chaos.
* * * LOW HITPOINT WARNING * * *
Crazy Yiuf hits you with a +3 quarterstaff of chaos.
You die...

#..#..##)###.# #.# #####..#.....#
#.# #.# #............# #.# #.#
#.###..#.##### ### ### #.# #..#.#
###### #.# #..#.# #######....#
#.###.รท#.# ### ###.#)P..###.#
#.#.....># #).)##))#......##.#
#.#.#....# #.).g@####.P....#.#
#.#.#.#### #)..### ##.....#.# ##
#.#.#.#### ### #####...###.
#........# #........ #.....####
#........ #..<.....######
########.##### #.....##.##...##
#.##...#.# #.
#.....##.#.....#####.#.#.#..####.
###.####.#.........>..........(..


You could see Crazy Yiuf.

Vanquished Creatures
  A gnoll (D:1)
  A dart slug (D:1)
  3 ball pythons (D:1)
  4 endoplasms
  2 giant cockroaches
  4 goblins (D:1)
  2 hobgoblins (D:1)
  5 jackals (D:1)
  6 kobolds
  4 bats
32 creatures vanquished.

Notes
Turn   | Place    | Note
-------+----------+-------------------------------------------
     0 | D:1      | tsouns the Demonspawn Wanderer began the quest for the Orb.
     0 | D:1      | tsouns set off with the following items: a +2 spear, a +0
                  | ring mail; and the following spells available to memorise:
                  | Wereblood, Passwall
     0 | D:1      | Reached XP level 1. HP: 16/16 MP: 1/1
    92 | D:1      | Found a faded altar of an unknown god.
   130 | D:1      | Reached skill level 1 in Polearms
   130 | D:1      | Gained mutation: You have a pair of small antennae on your
                  | head. [demonic ancestry]
   130 | D:1      | Reached XP level 2. HP: 17/23 MP: 2/2
   146 | D:1      | Became a worshipper of Makhleb the Destroyer
   146 | D:1      | Reached * piety under Makhleb
   347 | D:1      | Found Baumann's Antique Armour Shop.
   756 | D:1      | Reached skill level 1 in Invocations
  1208 | D:1      | Gained mutation: When seriously injured, your bleeding
                  | wounds create armour. (AC +6) [demonic ancestry]
  1208 | D:1      | Reached XP level 3. HP: 28/28 MP: 3/3
  1964 | D:2      | Found an opulent altar of Gozag.
  2017 | D:2      | Found a runed translucent door.
  2018 | D:2      | Noticed Crazy Yiuf
  2051 | D:2      | Paralysed by Crazy Yiuf for 4 turns
  2052 | D:2      | HP: 1/28 [Crazy Yiuf/+3 quarterstaff of chaos (6)]
  2053 | D:2      | Slain by Crazy Yiuf

Illustrated notes

Levels and vault maps discovered:
D:1:      dpeg_arrival_lava_temple_mockup, layout_basic, serial_shops, shop,
          chequers_ecumenical_altar_island, st_stairs_12
D:2:      layout_loops_ring, basic_altar, minmay_octomino_e4,
          uniq_crazy_yiuf_cottage

Skill      XL: |  1  2 |
---------------+-------+-----
Polearms       | 1 |  1.6
Invocations    | 1 |  1.8
Fighting       | |  2.9
Throwing       | |  1.0
Armour         | |  2.6
Stealth        | |  1.0
Transmutations | |  2.6

Action                   || total
-------------------------++-------
Melee: Spear             ||   142
  Use: Scroll            ||     5
Armor: Ring mail         ||    52
Dodge: Dodged            ||    61

Table legend: (Time is in decaauts)
 A = Elapsed time spent in this place.
 B = Non-inter-level travel time spent in this place.
 C = Inter-level travel time spent in this place.
 D = Time resting spent in this place.
 E = Time spent auto-exploring this place.
 F = Levels seen in this place.
 G = Mean time per level.
                   A        B        C        D        E       F      G
               +--------+--------+--------+--------+--------+-----+--------+
         Total |   2065 |   2010 |     55 |     20 |   1710 |   2 | 1032.5 |
       Dungeon |   2065 |   2010 |     55 |     20 |   1710 |   2 | 1032.5 |
               +--------+--------+--------+--------+--------+-----+--------+

Top non-repeatable levels by time:
     D:1: 1716 daAuts
     D:2: 349 daAuts
